 Dungeon Crawl Stone Soup version 0.31-a0-971-g75a2e9a4b4 (webtiles) character file.

Game seed: 6622252870057614681

669 zenocrate the Sneak (level 7, -6/32 HPs)
             Began as a Vine Stalker Enchanter on Oct 29, 2023.
             Was a Follower of Dithmenos.
             Mangled by a two-headed ogre
             ... wielding a +0 giant club
              (18 damage)
             ... on level 5 of the Dungeon.
             The game lasted 00:05:28 (3979 turns).

zenocrate the Sneak (Vine Stalker Enchanter)        Turns: 3979, Time: 00:05:28

Health: -6/32      AC:  0    Str: 11    XL:     7   Next: 58%
Magic:  0/13       EV: 12    Int: 15    God:    Dithmenos [*.....]
Gold:   152        SH:  0    Dex: 16    Spells: 2/13 levels left

rFire   + . .        b - +2 dagger (drain)
rCold   . . .        (no shield)
rNeg    . . .        o - +0 robe
rPois   +            q - +0 helmet
rElec   .            (no cloak)
rCorr   .            (no gloves)
SInv    .            i - +0 pair of boots
Will    .....        j - amulet of magic regeneration
Stlth   ++++         v - ring of poison resistance
HPRegen 1.05/turn    z - ring of protection from fire
MPRegen 0.53/turn

%: guardian spirit
@: corroded, very slightly contaminated, wreathed by umbra, invisible
A: fangs 2, regeneration 1, magic shield, antimagic bite, no potion heal 2
a: Renounce Religion


You were on level 5 of the Dungeon.
You worshipped Dithmenos.
Dithmenos was aware of your devotion.
You visited 2 branches of the dungeon, and saw 6 of its levels.

You collected 152 gold pieces.

Inventory:

Hand Weapons
 a - a +3 dagger of speed
 b - a +2 dagger of draining (weapon)
 s - a +0 rapier
 u - a +1 dagger
 x - a +0 dagger of flaming
 E - the +10 sling of Currency {drain, Dex+3}
   (You found it on level 4 of the Dungeon)

   Dex+3:     It affects your dexterity (+3).
Missiles
 C - a throwing net
Armour
 i - a +0 pair of boots (worn)
 l - a +0 buckler
 o - a +0 robe (worn)
 q - a +0 helmet (worn)
 F - a +0 buckler
Jewellery
 j - an amulet of magic regeneration (around neck)
 m - an amulet of reflection
 v - a ring of poison resistance (left hand)
 z - a ring of protection from fire (right hand)
Scrolls
 d - a scroll of vulnerability {unknown}
 e - a scroll of immolation {unknown}
 n - a scroll of blinking {unknown}
 p - 2 scrolls of identify {unknown}
 t - 2 scrolls of teleportation {unknown}
 y - a scroll of amnesia {unknown}
 D - 2 scrolls of fog
 G - a scroll of revelation {unknown}
 H - a scroll of fear {unknown}
 I - a scroll of noise {unknown}
Potions
 c - 2 potions of invisibility
 f - 2 potions of resistance {unknown}
 g - 4 potions of attraction {unknown}
 h - 2 potions of lignification {unknown}
 k - 3 potions of mutation {unknown}
 r - a potion of enlightenment {unknown}
 w - a potion of brilliance {unknown}
 A - 2 potions of curing {unknown}
 B - a potion of cancellation {unknown}


   Skills:
 + Level 3.3 Short Blades
 - Level 1.5 Dodging
 + Level 6.3 Stealth
 + Level 3.6 Spellcasting
 + Level 4.7 Hexes
 + Level 3.2 Ice Magic


You had 2 spell levels left.
You knew the following spells:

 Your Spells              Type           Power      Damage    Failure   Level
a - Ensorcelled Hibernat  Hex/Ice        28%        N/A       5%          2
b - Confusing Touch       Hex            16%        N/A       9%          3
c - Tukima's Dance        Hex            16%        N/A       9%          3
d - Dazzling Flash        Conj/Hex       18%        N/A       22%         3

Your spell library contained the following spells:

 Spells                   Type           Power      Damage    Failure   Level
 Summon Small Mammal      Summ           8%         N/A       19%         1
 Lesser Beckoning         Tloc           4%         N/A       28%         2
 Sigil of Binding         Hex            16%        N/A       9%          3
 Summon Guardian Golem    Hex/Summ       9%         N/A       22%         3
 Call Canine Familiar     Summ           2%         N/A       50%         3
 Gell's Gravitas          Tloc           2%         N/A       50%         3
 Teleport Other           Tloc           2%         N/A       50%         3
 Dimensional Bullseye     Hex/Tloc       4%         N/A       56%         4
 Leda's Liquefaction      Hex/Erth       4%         N/A       56%         4
 Dispersal                Tloc           1%         N/A       100%        6


Dungeon Overview and Level Annotations

Branches:
Dungeon (5/15)             Temple (1/1) D:4

Altars:
Cheibriados
Dithmenos
Fedhas
Gozag
Kikubaaqudgha
Makhleb
Nemelex Xobeh
Okawaru
Sif Muna
Vehumet
Wu Jian
Xom
Yredelemnul
Zin
The Shining One

Shops:
D:1 ?

Annotations:
D:3 exclusion: statue


Innate Abilities, Weirdness & Mutations

You have extremely sharp teeth.
Your natural rate of healing is unusually fast.
When hurt, damage is shared between your health and your magic reserves.
Your bite disrupts and absorbs the magic of your enemies.
Potions cannot restore your health.


Message History

The helpless orc fails to defend itself.
You impale the orc!!
You kill the orc!
Dithmenos accepts your kill.
Casting: Ensorcelled Hibernation (safe; 6% risk of failure)
Confirm with . or Enter, or press ? or * to list all spells.
Aiming: Ensorcelled Hibernation (safe; 6% risk of failure)
Press: ? - help, Shift-Dir - straight line, f - ogre
Aim: an ogre, wielding a +0 giant club (umbra, chance to affect: 48%)
You miscast Ensorcelled Hibernation.
You are very lightly contaminated with residual magic.
Nothing appears to happen.
The ogre hits you with a +0 giant club!!
Ouch! That really hurt!
You fade into invisibility!
The two-headed ogre barely misses you. x2; The ogre closely misses you.
Unknown command.
You catch the helpless ogre completely off-guard!
You impale the ogre!! You drain the ogre!
You kill the ogre!
Dithmenos accepts your kill.
Unknown command.
You hit the two-headed ogre but do no damage.
You drain the two-headed ogre. You bite the two-headed ogre.
You drain its power.
You feel invigorated.
The two-headed ogre is lightly wounded.
The two-headed ogre barely misses you. x2; The orc misses you.
Unknown command.
You strike the helpless two-headed ogre from behind!
You impale the two-headed ogre!! You drain the two-headed ogre.
The two-headed ogre is heavily wounded.
Unknown command.
You catch the helpless two-headed ogre completely off-guard!
You puncture the two-headed ogre! You bite the two-headed ogre.
You drain its power.
You feel invigorated.
The two-headed ogre is almost dead.
The orc hits you with a +0 club. The two-headed ogre barely misses you.
The two-headed ogre hits you with a +0 giant spiked club!!
Ouch! That really hurt!
You die...

#..........#
#..........# ...
#..........# ...
#..........#### ...
+.............. #...
#..........#
#.#.##..$.......#
####
.....#.O.......†# #..
#...o@.......# #.##
#.#.##+#####.#####.<#
#......# #........#
.....O#.## ########.#
##.##$..... #.# #.
#.## ... #.# .. ..
.#.# ..# . #. ..# ###
#. .##


You could see a two-headed ogre (unable to see you, drained) and an orc (unable
to see you).

Vanquished Creatures
  A water moccasin (D:5)
  A black bear (D:5)
  An ogre (D:5)
  An orc priest (D:4)
  A jelly (D:5)
  2 orc wizards
  Terence (D:3)
  Robin (D:2)
  5 gnolls (D:4)
  4 adders
  4 worms
  2 dart slugs (D:4)
  6 orcs
  5 ball pythons
  7 bats
  10 endoplasms
  6 giant cockroaches
  23 goblins
  19 hobgoblins
  8 jackals
  7 quokkas
  3 frilled lizards
  7 kobolds
  2 rats
127 creatures vanquished.

Notes
Turn   | Place    | Note
-------+----------+-------------------------------------------
     0 | D:1      | zenocrate the Vine Stalker Enchanter began the quest for
                  | the Orb.
     0 | D:1      | Reached XP level 1. HP: 9/9 MP: 4/4
    21 | D:1      | Reached skill level 1 in Short Blades
    83 | D:1      | Reached XP level 2. HP: 13/13 MP: 6/6
    86 | D:1      | Learned a level 2 spell: Ensorcelled Hibernation
   236 | D:1      | Reached skill level 4 in Stealth
   262 | D:1      | Found The Oracle's Delphic Readings.
   423 | D:1      | Reached XP level 3. HP: 14/16 MP: 1/7
   432 | D:1      | Learned a level 3 spell: Confusing Touch
  1084 | D:1      | Reached skill level 1 in Ice Magic
  1104 | D:2      | Reached XP level 4. HP: 21/21 MP: 8/8
  1297 | D:2      | Found a glowing silver altar of Zin.
  1394 | D:2      | Noticed Robin
  1401 | D:2      | Killed Robin
  1469 | D:2      | Reached skill level 5 in Stealth
  1511 | D:2      | Found a faded altar of an unknown god.
  1997 | D:3      | Reached XP level 5. HP: 24/24 MP: 9/9
  2319 | D:3      | Learned a level 3 spell: Tukima's Dance
  2349 | D:3      | Found a radiant altar of Vehumet.
  2349 | D:3      | Noticed a charred statue
  2455 | D:3      | Found a basalt altar of Yredelemnul.
  2849 | D:3      | Noticed Terence
  2854 | D:3      | Killed Terence
  3196 | D:4      | Found a staircase to the Ecumenical Temple.
  3268 | Temple   | Entered the Ecumenical Temple
  3279 | Temple   | Became a worshipper of Dithmenos the Shadowed
  3295 | D:4      | Reached XP level 6. HP: 22/28 MP: 6/11
  3514 | D:4      | Identified the +10 sling of Currency {drain, Dex+3}
  3530 | D:4      | Reached * piety under Dithmenos
  3905 | D:4      | Learned a level 3 spell: Dazzling Flash
  3945 | D:5      | Entered Level 5 of the Dungeon
  3945 | D:5      | Noticed a water moccasin
  3951 | D:5      | Noticed a black bear
  3952 | D:5      | Killed a water moccasin
  3953 | D:5      | Reached skill level 6 in Stealth
  3953 | D:5      | Reached XP level 7. HP: 32/32 MP: 12/12
  3967 | D:5      | Noticed a two-headed ogre
  3979 | D:5      | Mangled by a two-headed ogre

Illustrated notes

Levels and vault maps discovered:
D:1:      orjb1_clovarrival, layout_basic, interstate_on_off,
          nicolae_nh_oracle_at_delphi
D:2:      layout_loops_corners, basic_altar, basic_ecumenical_altar,
          kennysheep_generic_room_10, uniq_robin
D:3:      wad_crossroads, layout_loops_corners, mainiacjoe_overflow_paths,
          vehumet_statue, uniq_terence
D:4:      layout_basic, minmay_temple_entry_arrows, serial_forest,
          infiniplex_forest_zigzag_2, infiniplex_forest_zigzag_1,
          infiniplex_forest_corner_1, infiniplex_forest_straight_4,
          infiniplex_forest_straight_3, infiniplex_forest_clump_curved,
          infiniplex_forest_corner_2, infiniplex_forest_lined_room_2,
          minmay_mini_jars
D:5:      layout_basic, old_standard_altar, minmay_fractal_squares_5
Temple:   dshaligram_water_room_temple

Skill      XL: |  1  2  3  4  5  6  7 |
---------------+----------------------+-----
Short Blades   | 1 2 3 |  3.3
Stealth        | 4 5 6 |  6.3
Ice Magic      | 1 2 3 |  3.2
Hexes          | 4 |  4.7
Spellcasting   | 3 |  3.6
Dodging        | |  1.5

Action                     |  1- 3 |  4- 6 |  7- 9 || total
---------------------------+-------+-------+-------++-------
  Melee: Dagger            |    85 |   183 |     8 ||   276
         Bite              |    15 |    36 |     2 ||    53
         Punch             |     1 |       |       ||     1
   Cast: Ensorcelled Hiber |    11 |    21 |     2 ||    34
    Use: Scroll            |       |     1 |       ||     1
         Potion            |       |       |     1 ||     1
   Stab: Sleeping          |    13 |    39 |     3 ||    55
         Invisible         |       |       |     3 ||     3
 Armour: Robe              |    49 |    89 |     3 ||   141
  Dodge: Dodged            |    53 |    84 |    11 ||   148

Table legend: (Time is in decaauts)
 A = Elapsed time spent in this place.
 B = Non-inter-level travel time spent in this place.
 C = Inter-level travel time spent in this place.
 D = Time resting spent in this place.
 E = Time spent auto-exploring this place.
 F = Levels seen in this place.
 G = Mean time per level.
                   A        B        C        D        E       F      G
               +--------+--------+--------+--------+--------+-----+--------+
         Total |   3962 |   3760 |    202 |      3 |   2915 |   6 |  660.3 |
       Dungeon |   3942 |   3740 |    202 |      3 |   2913 |   5 |  788.4 |
        Temple |     20 |     20 |      0 |      0 |      2 |   1 |   20.0 |
               +--------+--------+--------+--------+--------+-----+--------+

Top non-repeatable levels by time:
     D:3: 1177 daAuts
     D:1: 1098 daAuts
     D:2: 866 daAuts
     D:4: 767 daAuts
     D:5: 32 daAuts
  Temple: 20 daAuts
